 Dungeon Crawl Stone Soup version 0.29-a0-416-g83a48905f1 (webtiles) character file.

Game seed: 964620980683146684

1212 Bruhh the Chiller (level 8, -3/63 HPs)
             Began as a Gnoll Ice Elementalist on May 15, 2022.
             Was an Initiate of Ashenzari.
             Slain by an unseen horror (8 damage)
             ... on level 6 of the Dungeon.
             The game lasted 00:10:53 (6181 turns).

Bruhh the Chiller (Gnoll Ice Elementalist)          Turns: 6181, Time: 00:10:55

Health: -3/63      AC:  3    Str:  8 (9)  XL:     8   Next: 46%
Magic:  14/17      EV: 13    Int: 13 (16) God:    Ashenzari [......]
Gold:   245        SH:  0    Dex:  8 (10) Spells: 12/19 levels left

rFire   . . .      SeeInvis .   s - +0 falchion (drain)
rCold   . . .      Faith    .   (no shield)
rNeg    . . .      Spirit   .   a - +0 robe
rPois   .          Reflect  .   g - +0 helmet
rElec   .          Harm     .   (no cloak)
rCorr   .          Rampage  .   (no gloves)
Will    .....                   (no boots)
Stlth   +++.......              (no amulet)
HPRegen 0.20/turn               (no ring)
MPRegen 0.15/turn               (no ring)

@: freezing walls
A: fangs 1, strong nose, distributed training, clumsy 1, robust 1
a: Renounce Religion


You were on level 6 of the Dungeon.
You worshipped Ashenzari.
Ashenzari was noncommittal.
You visited 2 branches of the dungeon, and saw 7 of its levels.

You collected 245 gold pieces.

Inventory:

Hand Weapons
 r - a +0 flail
 s - a +0 falchion of draining (weapon)
Missiles
 e - 5 throwing nets
Armour
 a - a +0 robe (worn)
 g - a +0 helmet (worn)
Jewellery
 t - a ring of magical power
Wands
 c - a wand of charming (8)
 p - a wand of iceblast (8)
 y - a wand of paralysis (9)
Scrolls
 h - 3 scrolls of teleportation {unknown}
 k - a scroll of magic mapping {unknown}
 l - a scroll of fog {unknown}
 m - 2 scrolls of immolation {unknown}
 n - a scroll of noise {unknown}
 q - 2 scrolls of amnesia {unknown}
 v - 2 scrolls of identify {unknown}
 w - 2 scrolls of vulnerability {unknown}
 x - a scroll of brand weapon {unknown}
Potions
 b - 2 potions of magic
 d - a potion of lignification
 i - a potion of haste
 j - a potion of brilliance
 o - a potion of ambrosia


   Skills:
 + Level 3.3 Fighting
 + Level 3.3 Short Blades
 + Level 3.3 Long Blades
 + Level 3.3 Axes
 + Level 3.3 Maces & Flails
 + Level 3.3 Polearms
 + Level 3.3 Staves
 + Level 3.3 Slings
 + Level 3.3 Bows
 + Level 3.3 Crossbows
 + Level 3.3 Throwing
 + Level 3.3 Armour
 + Level 5.7 Dodging
 + Level 5.4 Stealth
 + Level 3.3 Shields
 + Level 3.3 Unarmed Combat
 + Level 6.0 Spellcasting
 + Level 2.6 Conjurations
 + Level 2.6 Hexes
 + Level 2.6 Summonings
 + Level 2.6 Necromancy
 + Level 2.6 Translocations
 + Level 2.6 Transmutations
 + Level 2.6 Fire Magic
 + Level 7.6 Ice Magic
 + Level 2.6 Air Magic
 + Level 2.6 Earth Magic
 + Level 2.6 Poison Magic
 + Level 3.6 Invocations
 + Level 3.3 Evocations


You had 12 spell levels left.
You knew the following spells:

 Your Spells              Type           Power      Damage    Failure   Level
a - Freeze                Ice            92%        1d10      1%          1
b - Frozen Ramparts       Ice            46%        1d6       2%          3
c - Ozocubu's Armour      Ice            23%        N/A       2%          3

Your spell library contained the following spells:

 Spells                   Type           Power      Damage    Failure   Level
 Hailstorm                Conj/Ice       17%        3d6       21%         4


Dungeon Overview and Level Annotations

Branches:
Dungeon (6/15)             Temple (1/1) D:6

Altars:
Ashenzari
Cheibriados
Dithmenos
Elyvilon
Gozag
Kikubaaqudgha
Nemelex Xobeh
Okawaru
Qazlal
Ru
Sif Muna
Trog
Vehumet
Wu Jian
Xom
Yredelemnul
The Shining One

Shops:
D:6 *

Annotations:
D:5 2 transporters, Snarbu88's ghost, novice TrBe


Innate Abilities, Weirdness & Mutations

You have very sharp teeth.
Your uncanny sense of smell can sniff out nearby items.
Your experience applies equally to all skills.
You are clumsy. (Dex -2)
You are robust. (+10% HP)


Message History

* * * LOW HITPOINT WARNING * * *
Something hits you.
* * * LOW HITPOINT WARNING * * *
There is a strange disturbance nearby!
There is a strange disturbance nearby!
There is a strange disturbance nearby!
There is a strange disturbance nearby!
There is a strange disturbance nearby!
You are too injured to fight recklessly!
You are too injured to fight recklessly!
You are too injured to fight recklessly!
Casting: Frozen Ramparts (safe; 1% risk of failure)
Confirm with . or Enter, or press ? or * to list all spells.
Okay, then.
Casting: Frozen Ramparts (safe; 1% risk of failure)
Confirm with . or Enter, or press ? or * to list all spells.
Casting: Frozen Ramparts (safe; 1% risk of failure)
Press: ? - help, Dir - look around, f - activate The walls around you are covered in ice.
The wall freezes something but does no damage.
Something hits you but does no damage.
The wall freezes something.
Something hits you.
* * * LOW HITPOINT WARNING * * *
The wall freezes something.
Something hits you!
* * * LOW HITPOINT WARNING * * *
Casting: Frozen Ramparts (safe; 1% risk of failure)
Confirm with . or Enter, or press ? or * to list all spells.
Okay, then.
You feel better.
The wall freezes something.
Something barely misses you.
The wall freezes something.
Something hits you.
* * * LOW HITPOINT WARNING * * *
The wall freezes something but does no damage.
Unknown command.
It was a potion of degeneration.
There was something very wrong with that liquid.
You feel weakened.
You feel dopey.
You feel clumsy.
The wall freezes something.
The wall freezes something but does no damage.
Something hits you!
You die...

# ..........####..... #.
................... ..∩
..........#.##..... #...
..........#.##..... ##.##
######...#†##.....
#.....##### #...#)#######
....!.....# #...#)#
####......#########...#.###
## #..........@..........(.
.. #......############.....
# #......# #..... ..
#......# #...... .#
#......# #....... #
#......# #........#
#......# # #....... # #


There were no monsters in sight!

Vanquished Creatures
  Grinder (D:3)
  A water moccasin (D:6)
  An ice beast (D:5)
  3 ogres
  A bullfrog (D:6)
  A scorpion (D:4)
  A howler monkey (D:5)
  A hound (D:6)
  A jelly (D:6)
  An orc priest (D:5)
  4 iguanas
  Terence (D:2)
  10 gnolls
  An adder (D:3)
  An ufetubus (D:5)
  2 dart slugs
  A worm (D:4)
  9 orcs
  6 bats
  5 endoplasms
  2 giant cockroaches
  9 goblins
  3 hobgoblins (D:1)
  3 jackals (D:4)
  8 kobolds
  3 quokkas
  7 ball pythons
  3 frilled lizards
  4 rats
94 creatures vanquished.

Notes
Turn   | Place    | Note
-------+----------+-------------------------------------------
     0 | D:1      | Bruhh the Gnoll Ice Elementalist began the quest for the
                  | Orb.
     0 | D:1      | Reached XP level 1. HP: 13/13 MP: 6/6
   175 | D:1      | Reached XP level 2. HP: 19/19 MP: 4/7
   685 | D:1      | Reached XP level 3. HP: 20/25 MP: 6/9
   696 | D:1      | Reached skill level 5 in Spellcasting
   696 | D:1      | Upgraded the game from 0.29-a0-414-g5075937ec3 to
                  | 0.29-a0-416-g83a48905f1
  1096 | D:1      | Found a faded altar of an unknown god.
  1266 | D:1      | Learned a level 3 spell: Frozen Ramparts
  1270 | D:1      | Learned a level 3 spell: Ozocubu's Armour
  1527 | D:2      | Reached skill level 1 in Invocations
  1952 | D:2      | Noticed Terence
  1956 | D:2      | Killed Terence
  1957 | D:2      | Reached skill level 1 in Fighting
  1957 | D:2      | Reached skill level 1 in Short Blades
  1957 | D:2      | Reached skill level 1 in Long Blades
  1957 | D:2      | Reached skill level 1 in Axes
  1957 | D:2      | Reached skill level 1 in Maces & Flails
  1957 | D:2      | Reached skill level 1 in Polearms
  1957 | D:2      | Reached skill level 1 in Staves
  1957 | D:2      | Reached skill level 1 in Slings
  1957 | D:2      | Reached skill level 1 in Bows
  1957 | D:2      | Reached skill level 1 in Crossbows
  1957 | D:2      | Reached skill level 1 in Throwing
  1957 | D:2      | Reached skill level 1 in Armour
  1957 | D:2      | Reached skill level 1 in Shields
  1957 | D:2      | Reached skill level 1 in Unarmed Combat
  1957 | D:2      | Reached skill level 1 in Evocations
  1957 | D:2      | Reached XP level 4. HP: 28/32 MP: 4/11
  2495 | D:3      | Reached skill level 1 in Conjurations
  2495 | D:3      | Reached skill level 1 in Hexes
  2495 | D:3      | Reached skill level 1 in Summonings
  2495 | D:3      | Reached skill level 1 in Necromancy
  2495 | D:3      | Reached skill level 1 in Translocations
  2495 | D:3      | Reached skill level 1 in Transmutations
  2495 | D:3      | Reached skill level 1 in Fire Magic
  2495 | D:3      | Reached skill level 1 in Air Magic
  2495 | D:3      | Reached skill level 1 in Earth Magic
  2495 | D:3      | Reached skill level 1 in Poison Magic
  2831 | D:3      | Noticed Grinder
  2848 | D:3      | Gained mutation: You are clumsy. (Dex -2) [potion of
                  | mutation]
  2848 | D:3      | Gained mutation: You are robust. (+10% HP) [potion of
                  | mutation]
  2848 | D:3      | HP: 1/52 [Grinder (5)]
  2876 | D:3      | Killed Grinder
  2877 | D:3      | Reached skill level 5 in Dodging
  2877 | D:3      | Reached XP level 5. HP: 8/41 MP: 7/12
  2877 | D:3      | Reached XP level 6. HP: 10/48 MP: 8/14
  3420 | D:4      | Found a white marble altar of Elyvilon.
  3599 | D:4      | Found a radiant altar of Vehumet.
  3646 | D:4      | Reached XP level 7. HP: 51/55 MP: 10/15
  4043 | D:5      | Entered Level 5 of the Dungeon
  4587 | D:5      | Reached skill level 5 in Stealth
  4854 | D:5      | Found a transporter.
  4855 | D:5      | Found a transporter.
  4856 | D:5      | Noticed Snarbu88's ghost (novice TrBe)
  4863 | D:5      | Noticed a wyvern
  5249 | D:6      | Reached XP level 8. HP: 48/62 MP: 13/16
  5325 | D:6      | Found a staircase to the Ecumenical Temple.
  5338 | Temple   | Entered the Ecumenical Temple
  5446 | Temple   | Became a worshipper of Ashenzari the Shackled
  5513 | D:6      | Identified the +1 chain mail of Atimadupp {rN++ Dex-3}
  6162 | D:6      | Found Osapt's Gadget Gallery.
  6181 | D:6      | Slain by an unseen horror

Illustrated notes

Levels and vault maps discovered:
D:1:      minmay_arrival_nine_rooms, layout_loops_cross,
          shapermc_ecumenical_altar_hornbeckon, minmay_ruptured
D:2:      layout_basic, uniq_terence
D:3:      layout_basic, minivault_11, uniq_grinder
D:4:      layout_basic, mainiacjoe_overflow_chevrons, elyvilon_altar_3
D:5:      layout_loops_ring, gammafunk_ghost_arena, kennysheep_boxes
D:6:      layout_basic, minmay_temple_entry_tees, nicolae_shop_gadgets
Temple:   eino_temple_scatter_basement

Skill      XL: |  1  2  3  4  5  6  7  8 |
---------------+-------------------------+-----
Spellcasting   | 5 6 |  6.0
Invocations    | 1 2 3 |  3.6
Fighting       | 1 2 3 |  3.3
Short Blades   | 1 2 3 |  3.3
Long Blades    | 1 2 3 |  3.3
Axes           | 1 2 3 |  3.3
Maces & Flails | 1 2 3 |  3.3
Polearms       | 1 2 3 |  3.3
Staves         | 1 2 3 |  3.3
Slings         | 1 2 3 |  3.3
Bows           | 1 2 3 |  3.3
Crossbows      | 1 2 3 |  3.3
Throwing       | 1 2 3 |  3.3
Armour         | 1 2 3 |  3.3
Shields        | 1 2 3 |  3.3
Unarmed Combat | 1 2 3 |  3.3
Evocations     | 1 2 3 |  3.3
Conjurations   | 1 2 |  2.6
Hexes          | 1 2 |  2.6
Summonings     | 1 2 |  2.6
Necromancy     | 1 2 |  2.6
Translocations | 1 2 |  2.6
Transmutations | 1 2 |  2.6
Fire Magic     | 1 2 |  2.6
Air Magic      | 1 2 |  2.6
Earth Magic    | 1 2 |  2.6
Poison Magic   | 1 2 |  2.6
Dodging        | 5 |  5.7
Stealth        | 5 |  5.4
Ice Magic      | |  7.6

Action                   |  1- 3 |  4- 6 |  7- 9 || total
-------------------------+-------+-------+-------++-------
Melee: Unarmed           |    15 |    18 |     1 ||    34
       Punch             |     1 |       |     1 ||     2
       Bite              |       |     1 |     5 ||     6
       Falchion          |       |       |    43 ||    43
       Flail             |       |       |     9 ||     9
 Cast: Freeze            |    45 |    42 |    32 ||   119
       Frozen Ramparts   |     1 |     4 |     7 ||    12
       Ozocubu's Armour  |       |     2 |     5 ||     7
Evoke: Wand              |       |       |     2 ||     2
  Use: Potion            |       |     7 |     2 ||     9
 Stab: Sleeping          |     1 |       |     2 ||     3
Armor: Robe              |     7 |    14 |    15 ||    36
       Skin              |       |     5 |       ||     5
Dodge: Dodged            |    40 |    39 |    65 ||   144

Table legend: (Time is in decaauts)
 A = Elapsed time spent in this place.
 B = Non-inter-level travel time spent in this place.
 C = Inter-level travel time spent in this place.
 D = Time resting spent in this place.
 E = Time spent auto-exploring this place.
 F = Levels seen in this place.
 G = Mean time per level.
                   A        B        C        D        E       F      G
               +--------+--------+--------+--------+--------+-----+--------+
         Total |   6176 |   6024 |    152 |      0 |   5149 |   7 |  882.3 |
       Dungeon |   6058 |   5914 |    144 |      0 |   5059 |   6 | 1009.7 |
        Temple |    117 |    109 |      8 |      0 |     90 |   1 |  117.0 |
               +--------+--------+--------+--------+--------+-----+--------+

Top non-repeatable levels by time:
     D:1: 1319 daAuts
     D:5: 1197 daAuts
     D:3: 1156 daAuts
     D:6: 830 daAuts
     D:2: 788 daAuts
     D:4: 764 daAuts
  Temple: 117 daAuts
